Map: Cactus Valley LE (Void)

Players

Machine

  • Race: Protoss Protoss
  • League: Gold
  • Spawn Location: 11:00

Fropez - Winner!

  • Race: Protoss Protoss
  • League: Platinum
  • Spawn Location: 1:00

VOD

Have the link to the VOD?

Description

Time

  • Played on: Jan. 25, 2017, 8:03 p.m.
  • Length: 14:03
Show
View Real Time Build Order
Export as new Build Order

Machine Protoss 

Build Orders:  

Get SALT Encoding   

  12  0:04  Probe (Chrono Boost)  
  13  0:15  Probe (Chrono Boost)  
  13  0:18  Pylon  
  14  0:25  Probe (Chrono Boost)  
  15  0:37  Probe (Chrono Boost)  
  15  0:38  Gateway  
  16  0:47  Probe (Chrono Boost)  
  17  1:01  Assimilator  
  17  1:02  Assimilator  
  17  1:11  Gateway  
  17  1:15  Pylon  
  17  1:28  Cybernetics Core  
  17  1:39  Probe (Chrono Boost)  
  18  1:49  Probe (Chrono Boost)  
  20  2:01  Probe (Chrono Boost)  
  20  2:05  Adept  
  20  2:07  Adept  
  24  2:12  Probe (Chrono Boost)  
  26  2:30  Probe (Chrono Boost)  
  26  2:43  Warp Gate  
  26  2:46  Stalker x2  
  30  3:09  Probe (Chrono Boost)  
  31  3:13  Robotics Facility  
  31  3:34  Pylon  
  31  3:52  Probe (Chrono Boost), Stalker  
  31  3:53  Stalker  
  35  4:03  Probe (Chrono Boost)  
  36  4:14  Mothership Core (Chrono Boost)  
  38  4:27  Nexus  
  37  4:32  Probe (Chrono Boost)  
  37  4:33  Pylon  
  38  4:43  Probe (Chrono Boost)  
  39  4:48  Immortal  
  39  4:53  Probe (Chrono Boost)  
  40  5:00  Pylon  
  40  5:04  Probe (Chrono Boost)  
  39  5:14  Probe (Chrono Boost)  
  40  5:25  Probe (Chrono Boost)  
  40  5:27  Gateway  
  41  5:29  Gateway, Stalker  
  41  5:30  Stalker  
  46  5:35  Probe (Chrono Boost)  
  46  5:36  Pylon  
  46  5:54  Observer  
  46  6:15  Stalker x2  
  44  6:34  Probe (Chrono Boost)  
  44  6:35  Probe (Chrono Boost)  
  46  6:44  Probe (Chrono Boost)  
  46  6:45  Probe (Chrono Boost)  
  44  6:55  Probe (Chrono Boost)  
  44  6:56  Probe (Chrono Boost)  
  46  7:02  Stalker x3  
  46  7:03  Stalker  
  46  7:05  Probe (Chrono Boost)  
  46  7:06  Probe (Chrono Boost)  
  56  7:09  Immortal  
  62  7:22  Mothership Core (Chrono Boost)  
  62  7:24  Assimilator  
  62  7:27  Stalker x2  
  62  7:28  Stalker x2  
  69  8:03  Pylon  
  69  8:05  Pylon  
  69  8:08  Pylon  
  69  8:09  Probe (Chrono Boost)  
  70  8:21  Probe (Chrono Boost)  
  70  8:24  Stalker  
  70  8:25  Stalker x2  
  81  8:27  Immortal  
  81  8:47  Pylon  
  73  8:51  Stalker x4  
  80  9:23  Stalker x4  
  88  9:30  Immortal  
  92  9:57  Stalker  
  94  10:08  Pylon  
  94  10:14  Pylon  
  84  10:23  Stalker x2  
  84  10:24  Stalker x2  
  60  11:11  Probe x2 (Chrono Boost)  
  60  11:20  Pylon  
  60  11:27  Stalker x2  
  60  11:28  Stalker x2  
  60  11:31  Immortal  
  72  12:16  Immortal  
  72  12:21  Forge x2  
  75  12:39  Stalker x3  
  81  12:54  Nexus  
  80  13:20  Stalker x4  
  60  13:46  Stalker x3  
  60  13:47  Stalker  
Show
View Real Time Build Order
Export as new Build Order

Fropez Protoss - Winner!

Build Orders: 1 Gate Expand 

Get SALT Encoding   

  12  0:01  Probe (Chrono Boost)  
  13  0:11  Probe (Chrono Boost)  
  14  0:21  Pylon  
  14  0:28  Probe (Chrono Boost)  
  15  0:40  Probe (Chrono Boost), Gateway  
  16  0:46  Assimilator  
  16  0:59  Probe (Chrono Boost)  
  16  1:02  Pylon  
  17  1:10  Pylon  
  17  1:17  Probe (Chrono Boost)  
  18  1:29  Nexus  
  18  1:31  Probe (Chrono Boost)  
  19  1:43  Cybernetics Core  
  19  1:46  Probe (Chrono Boost)  
  20  1:56  Assimilator  
  20  2:00  Probe (Chrono Boost)  
  21  2:01  Pylon  
  21  2:12  Pylon  
  21  2:13  Probe (Chrono Boost)  
  22  2:18  Warp Gate  
  22  2:19  Adept  
  24  2:25  Probe (Chrono Boost)  
  25  2:36  Probe (Chrono Boost)  
  26  2:38  Gateway  
  26  2:46  Probe (Chrono Boost)  
  26  2:48  Adept  
  29  2:55  Probe (Chrono Boost)  
  30  3:02  Probe (Chrono Boost)  
  33  3:07  Assimilator  
  33  3:08  Mothership Core (Chrono Boost)  
  33  3:13  Probe (Chrono Boost)  
  34  3:23  Probe (Chrono Boost)  
  35  3:27  Stalker  
  35  3:28  Stalker  
  39  3:57  Stalker  
  39  3:58  Stalker  
  44  4:03  Probe (Chrono Boost)  
  44  4:04  Probe (Chrono Boost)  
  44  4:06  Pylon  
  44  4:07  Assimilator  
  45  4:13  Probe (Chrono Boost), Robotics Facility  
  45  4:16  Probe (Chrono Boost)  
  47  4:24  Probe (Chrono Boost)  
  45  4:54  Probe (Chrono Boost)  
  45  4:56  Probe (Chrono Boost), Immortal  
  44  5:01  Pylon  
  44  5:05  Probe (Chrono Boost)  
  49  5:10  Gateway  
  49  5:12  Probe (Chrono Boost), Gateway  
  50  5:20  Stalker x2  
  54  5:30  Immortal  
  54  5:33  Nexus  
  54  5:35  Pylon  
  58  5:37  Probe (Chrono Boost)  
  58  5:39  Probe (Chrono Boost)  
  60  5:48  Probe (Chrono Boost)  
  61  5:50  Pylon  
  61  5:52  Probe (Chrono Boost)  
  61  5:54  Stalker  
  62  6:11  Immortal  
  62  6:14  Stalker  
  64  6:29  Stalker  
  64  6:32  Probe (Chrono Boost)  
  60  6:48  Stalker  
  62  6:56  Probe (Chrono Boost)  
  62  6:58  Probe (Chrono Boost)  
  62  7:00  Assimilator  
  62  7:01  Probe (Chrono Boost)  
  65  7:02  Gateway, Immortal  
  65  7:07  Probe (Chrono Boost)  
  70  7:10  Probe (Chrono Boost)  
  70  7:11  Probe (Chrono Boost)  
  70  7:14  Pylon  
  72  7:23  Stalker x3  
  72  7:24  Stalker  
  80  7:41  Probe x2 (Chrono Boost)  
  80  7:42  Probe (Chrono Boost)  
  83  7:45  Robotics Facility  
  83  7:46  Pylon  
  84  7:51  Probe (Chrono Boost)  
  84  7:52  Probe (Chrono Boost)  
  84  7:54  Immortal  
  85  8:03  Probe (Chrono Boost)  
  85  8:04  Gateway  
  85  8:05  Probe (Chrono Boost), Gateway  
  91  8:09  Stalker x3  
  91  8:10  Stalker  
  99  8:21  Probe (Chrono Boost)  
  99  8:22  Probe (Chrono Boost)  
  99  8:23  Probe (Chrono Boost)  
  99  8:25  Assimilator  
  102  8:28  Immortal  
  102  8:52  Stalker x4  
  102  8:55  Immortal  
  114  8:57  Probe (Chrono Boost)  
  114  8:58  Probe (Chrono Boost)  
  114  8:59  Probe (Chrono Boost)  
  117  9:06  Gateway  
  117  9:25  Twilight Council  
  117  9:27  Forge  
  117  9:29  Forge  
  117  9:31  Pylon, Forge  
  117  9:33  Pylon  
  117  9:42  Pylon  
  117  9:44  Immortal  
  125  9:52  Immortal  
  125  9:54  Stalker x3  
  125  9:55  Stalker  
  133  10:00  Pylon, Gateway  
  133  10:03  Pylon  
  133  10:17  Nexus  
  107  10:33  Stalker x4  
  107  10:34  Stalker x4  
  103  10:37  Probe (Chrono Boost)  
  103  10:39  Probe (Chrono Boost)  
  103  10:43  Pylon, Immortal  
  107  10:58  Protoss Shields Level 1, Protoss Ground Weapons Level 1  
  107  11:01  Blink  
  105  11:08  Immortal  
  109  11:12  Protoss Ground Armor Level 1  
  109  11:22  Immortal  
  113  11:32  Probe (Chrono Boost)  
  117  11:33  Probe (Chrono Boost)  
  117  11:34  Probe x2 (Chrono Boost)  
  117  11:38  Assimilator  
  117  11:42  Assimilator  
  117  11:43  Stalker x3  
  117  11:44  Stalker  
  117  11:47  Gateway  
  124  12:21  Stalker x3  
  124  12:22  Stalker x3  
  136  12:32  Dark Shrine  
  136  12:34  Gateway  
  136  12:39  Probe x2 (Chrono Boost)  
  136  12:41  Pylon  
  138  12:44  Immortal x2  
  146  13:06  Stalker x6  
  146  13:07  Stalker x3  
  134  13:47  Stalker x5  
  134  13:48  Stalker x4  
Tags
 
Add a new tag
Caveats
  • Supply blocks, unpowered buildings, or Contaminate may cause inaccurate times.
  • Supply counts are checked every 10 seconds.